 Dungeon Crawl Stone Soup version 0.21.0-3-g78d12a8bdd (webtiles) character file.

436 Rrauwl the Poker (level 7, -7/56 HPs)
             Began as a Formicid Berserker on Jan 9, 2018.
             Was a Priest of Trog.
             Splashed by a jelly's acid (8 damage)
             ... on level 5 of the Dungeon.
             The game lasted 00:16:39 (3703 turns).

Rrauwl the Poker (Formicid Berserker)               Turns: 3703, Time: 00:16:40

Health: -7/56      AC: -2    Str: 21    XL:     7   Next: 21%
Magic:  7/7        EV:  6    Int:  7    God:    Trog [***...]
Gold:   183        SH:  0    Dex: 12    Spells: 6/6 levels left

rFire    . . .     SeeInvis +   a - +1 spear
rCold    . . .     Gourm    +   (no shield)
rNeg     . . .     Faith    .   o - +0 plate armour
rPois    +         Spirit   .   (helmet unavailable)
rElec    .         Reflect  .   m - +0 cloak
rCorr    .         Harm     .   e - +0 pair of gloves
MR       ++...                  (no boots)
Stlth    ..........             f - amulet of the gourmand
HPRegen  1.18/turn              h - ring of poison resistance
MPRegen  0.10/turn              n - ring of teleportation (curse)

@: corroded, regenerating
A: permanent stasis, dig shafts and tunnels, four strong arms, antennae 3
a: Dig, Shaft Self, Trog's Hand, Burn Spellbooks, Renounce Religion


You were on level 5 of the Dungeon.
You worshipped Trog.
Trog was most pleased with you.
You were completely stuffed.

You visited 1 branch of the dungeon, and saw 4 of its levels.

You collected 183 gold pieces.

Inventory:

Hand Weapons
 a - a +1 spear (weapon)
Missiles
 j - 49 bolts
Armour
 e - a +0 pair of gloves (worn)
 m - a +0 cloak (worn)
 o - a +0 plate armour (worn)
Jewellery
 f - an amulet of the gourmand (around neck)
 h - a ring of poison resistance (left hand)
 n - a cursed ring of teleportation (right hand)
Wands
 k - a wand of iceblast (4)
Scrolls
 b - a scroll of immolation {unknown}
 d - 3 scrolls of identify
 l - a scroll of enchant weapon
Potions
 g - 3 potions of curing
Comestibles
 c - 12 rations


   Skills:
 - Level 5.0 Fighting
 + Level 6.7 Polearms
 + Level 2.2 Armour
 - Level 2.0 Dodging


You had 6 spell levels left.
You didn't know any spells.

Dungeon Overview and Level Annotations

Branches:
Dungeon (3/15)

Altars:
Elyvilon
Fedhas
Gozag
Nemelex Xobeh
Qazlal
Ru
Trog
Uskayaw
Xom
Yredelemnul
The Shining One

Annotations:
D:3 ShansongY's ghost, amateur DEFE


Innate Abilities, Weirdness & Mutations

You cannot be hasted, slowed, berserked, paralysed or teleported.
You can dig through walls and to a lower floor.
Your four strong arms can wield two-handed weapons with a shield.
You have a pair of large antennae on your head. (SInv)


Message History

The jelly is severely wounded.
The jelly hits you. The acid corrodes you!
You are splashed with acid!
The acid burns!
You are too injured to fight recklessly!
You hit the jelly.
Your hands burn!
* * * LOW HITPOINT WARNING * * *
The jelly is severely wounded.
The jelly jiggles.
The jelly hits you.
* * * LOW HITPOINT WARNING * * *
The acid corrodes you!
You are splashed with acid!
The acid burns!
* * * LOW HITPOINT WARNING * * *
Okay, then.
You hit the jelly but do no damage.
Your hands burn!
* * * LOW HITPOINT WARNING * * *
The jelly is severely wounded.
The jelly hits you.
* * * LOW HITPOINT WARNING * * *
You are splashed with acid!
The acid burns!
You die...

≈≈≈≈.....# #.# #..... #.......
..≈≈..≈..# #.# #...####.#.....
.........###.######........#.....
#####......).....##....#####...#.
..................+....# ##..#.
#####............##....# #..#.
#............†.....#### ##.#.
#...........J##.......#.##...
#...........@##....##.#......
#.............+....##.#.###..
########+##.###...###.# #.> #.#
##### #.# ### ..# #.# # #### #.#
#.# #.#.##### #%#......


You could see a jelly.

Vanquished Creatures
  A phantom (D:5)
  An ogre (D:5)
  A hound (D:5)
  An orc wizard (D:2)
  A worker ant (D:5)
  A worker ant zombie (D:5)
  8 adders
  2 worms
  A dart slug (D:1)
  3 leopard geckos
  7 orcs
  2 ball pythons (D:2)
  6 bats
  6 giant cockroaches
  4 goblins (D:2)
  11 hobgoblins
  9 jackals
  A quokka (D:3)
  4 frilled lizards
  8 kobolds
  10 rats
88 creatures vanquished.

Notes
Turn   | Place    | Note
-------+----------+-------------------------------------------
     0 | D:1      | Rrauwl the Formicid Berserker began the quest for the Orb.
     0 | D:1      | Reached XP level 1. HP: 18/18 MP: 1/1
    82 | D:1      | Reached XP level 2. HP: 18/24 MP: 2/2
   721 | D:2      | Reached XP level 3. HP: 30/30 MP: 3/3
   737 | D:2      | Reached ** piety under Trog
   755 | D:2      | Found a sacrificial altar of Ru.
   781 | D:2      | Reached XP level 4. HP: 29/37 MP: 4/4
  1042 | D:2      | Reached skill level 4 in Polearms
  1084 | D:2      | Found an opulent altar of Gozag.
  1389 | D:2      | Reached XP level 5. HP: 43/43 MP: 5/5
  1609 | D:2      | Found a shimmering altar of Xom.
  1615 | D:2      | Found a bloodstained altar of Trog.
  1615 | D:2      | Found a sacrificial altar of Ru.
  1615 | D:2      | Found a hide-covered altar of Uskayaw.
  1617 | D:2      | Found a white marble altar of Elyvilon.
  1618 | D:2      | Found a blossoming altar of Fedhas.
  1619 | D:2      | Found a glowing golden altar of the Shining One.
  1681 | D:3      | Found a sparkling altar of Nemelex Xobeh.
  1685 | D:3      | Reached *** piety under Trog
  1726 | D:3      | Noticed ShansongY's ghost (amateur DEFE)
  2499 | D:3      | Reached skill level 5 in Fighting
  2940 | D:3      | Found a basalt altar of Yredelemnul.
  2966 | D:3      | You fall through a shaft for 2 floors!
  2966 | D:5      | Entered Level 5 of the Dungeon
  3021 | D:5      | Reached skill level 5 in Polearms
  3021 | D:5      | Reached XP level 6. HP: 22/51 MP: 6/6
  3098 | D:5      | Noticed an ogre
  3106 | D:5      | Killed an ogre
  3312 | D:5      | Noticed a phantom
  3437 | D:5      | Reached skill level 6 in Polearms
  3456 | D:5      | Killed a phantom
  3456 | D:5      | Reached XP level 7. HP: 41/56 MP: 7/7
  3635 | D:5      | Found a stormy altar of Qazlal.
  3703 | D:5      | HP: 2/56 [acid (4)]
  3703 | D:5      | Splashed by a jelly's acid

Skill      XL: |  1  2  3  4  5  6 |
---------------+-------------------+-----
Dodging        | 2 |  2.0
Fighting       | 4 5 |  5.0
Polearms       | 4 5 6 |  6.7
Armour         | |  2.2

Action                   |  1- 3 |  4- 6 |  7- 9 || total
-------------------------+-------+-------+-------++-------
Melee: Spear             |    85 |   269 |    33 ||   387
Invok: Trog's Hand       |       |     2 |     1 ||     3
 Abil: Dig               |       |     1 |       ||     1
       Shaft Self        |       |     1 |       ||     1
Evoke: Wand              |       |     1 |       ||     1
  Use: Scroll            |     4 |     2 |       ||     6
       Potion            |       |     4 |       ||     4
 Stab: Sleeping          |     3 |     1 |       ||     4
       Paralysed         |     2 |       |       ||     2
       Invisible         |       |     2 |       ||     2
  Eat: Chunk             |       |    21 |     2 ||    23
Armor: Animal skin       |     7 |    35 |     3 ||    45
       Plate armour      |       |       |     6 ||     6
Dodge: Dodged            |    33 |   142 |    12 ||   187
